General information
- name: BNet
- type: Ladder team game (AT/RT)
- host: Battle.net
- saver: BEAR_AND
map: Highperch
- players: 6
- length: 63:42
- speed: Fast
- version: 1.26 W3XP
- replay type:

» download(397 KB)
Players
team 1 (winner)
BEAR_AND (
yellow | 81 APM | 5139 actions | 63:42)
7 Warden
3 Shadow Strike
3 Blink
1 Fan of Knives
» actions
| Assign group hotkey | 14 | |
| Basic commands | 31 | |
| Build / train | 95 | |
| ESC pressed | 2 | |
| Enter build submenu | 23 | |
| Enter hero's abilities submenu | 8 | |
| Give item / drop item | 8 | |
| Remove unit from queue | 24 | |
| Right click | 3541 | |
| Select / deselect | 487 | |
| Select group hotkey | 601 | |
| Use ability | 305 | |
5139 total
» units
» upgrades
| Ultravision | 1 | |
| Strength of the Wild | 3 | |
| Reinforced Hides | 3 | |
| Nature's Blessing | 1 | |
| Well Spring | 1 | |
9 total
» buildings
| Altar of Elders | 1 | |
| Moon Well | 10 | |
| Tree of Ages | 3 | |
| Hunter's Hall | 1 | |
| Tree of Life | 1 | |
| Ancient of Wonders | 1 | |
| Tree of Eternity | 1 | |
| Ancient of Wind | 4 | |
22 total
» build order
00:31 Altar of Elders
00:37 Moon Well
01:39 Moon Well
02:44 Moon Well
04:06 Moon Well
04:10 Moon Well
05:21 Moon Well
05:58 Tree of Ages
05:58 Tree of Ages
06:15 Moon Well
06:33 Hunter's Hall
08:59 Tree of Life
09:30 Ancient of Wonders
10:17 Tree of Eternity
12:39 Ancient of Wind
12:39 Ancient of Wind
14:41 Moon Well
14:41 Moon Well
30:43 Ancient of Wind
30:45 Ancient of Wind
32:08 Moon Well
» items
| Boots of Speed | 2 | |
| Dust of Appearance | 1 | |
| Staff of Teleportation | 1 | |
| Healing Salve | 2 | |
| Orb of Venom | 1 | |
| Lesser Clarity Potion | 1 | |
| Mechanical Critter | 6 | |
| Tiny Great Hall | 1 | |
| Scroll of Town Portal | 1 | |
16 total
iggy_the_fisk (
orange | 116 APM | 7370 actions | 63:41)
5 Mountain King
3 Storm Bolt
2 Bash
5 Paladin
3 Holy Light
2 Divine Shield
4 Blood Mage
2 Banish
2 Flame Strike
» actions
| Assign group hotkey | 345 | |
| Basic commands | 71 | |
| Build / train | 163 | |
| Enter build submenu | 124 | |
| Enter hero's abilities submenu | 15 | |
| Give item / drop item | 5 | |
| Right click | 3955 | |
| Select / deselect | 528 | |
| Select group hotkey | 1792 | |
| Use ability | 371 | |
7370 total
» units
| Peasant | 21 | |
| Sorceress | 2 | |
| Priest | 2 | |
| Dragonhawk Rider | 10 | |
35 total
» upgrades
| Masonry | 3 | |
| Lumber Harvesting | 2 | |
| Magic Sentry | 1 | |
| Sorceress Training | 2 | |
| Priest Training | 2 | |
| Animal War Training | 1 | |
| Cloud | 1 | |
| Swords | 3 | |
| Armor | 3 | |
18 total
» buildings
| Altar of Kings | 2 | |
| Lumber Mill | 2 | |
| Farm | 17 | |
| Scout Tower | 99 | |
| Arcane Tower | 20 | |
| Guard Tower | 42 | |
| Keep | 1 | |
| Arcane Vault | 2 | |
| Castle | 1 | |
| Town Hall | 1 | |
| Arcane Sanctum | 1 | |
| Gryphon Aviary | 1 | |
| Barracks | 1 | |
| Blacksmith | 1 | |
191 total
» build order
00:04 Altar of Kings
00:18 Lumber Mill
00:34 Farm
00:56 Farm
01:22 Scout Tower
01:32 Scout Tower
01:41 Farm
01:55 Scout Tower
02:02 Arcane Tower
02:02 Arcane Tower
02:02 Arcane Tower
02:03 Arcane Tower
02:11 Arcane Tower
02:11 Arcane Tower
02:11 Arcane Tower
02:12 Arcane Tower
02:20 Scout Tower
02:36 Guard Tower
02:37 Scout Tower
02:45 Scout Tower
03:03 Scout Tower
03:08 Scout Tower
03:08 Guard Tower
03:09 Guard Tower
03:10 Scout Tower
04:05 Keep
04:08 Guard Tower
04:09 Scout Tower
04:15 Guard Tower
04:16 Scout Tower
04:17 Scout Tower
04:29 Scout Tower
04:31 Scout Tower
04:59 Scout Tower
05:00 Guard Tower
05:04 Scout Tower
05:23 Guard Tower
05:57 Scout Tower
06:13 Guard Tower
06:14 Guard Tower
06:14 Guard Tower
06:15 Scout Tower
06:17 Scout Tower
06:18 Scout Tower
06:23 Farm
06:30 Guard Tower
06:32 Scout Tower
07:07 Arcane Tower
07:10 Arcane Tower
07:12 Arcane Vault
07:14 Guard Tower
07:17 Scout Tower
07:18 Scout Tower
07:48 Castle
08:01 Guard Tower
08:13 Town Hall
08:44 Scout Tower
08:45 Scout Tower
08:45 Guard Tower
08:47 Scout Tower
08:48 Scout Tower
08:55 Arcane Sanctum
09:39 Guard Tower
09:41 Scout Tower
09:42 Scout Tower
09:43 Scout Tower
09:51 Scout Tower
10:28 Guard Tower
10:30 Scout Tower
10:31 Scout Tower
10:49 Scout Tower
10:50 Scout Tower
10:52 Scout Tower
10:54 Scout Tower
10:55 Scout Tower
10:55 Scout Tower
10:56 Scout Tower
10:58 Scout Tower
11:08 Guard Tower
11:15 Scout Tower
11:17 Scout Tower
11:19 Scout Tower
11:20 Scout Tower
11:26 Guard Tower
11:30 Arcane Vault
12:23 Arcane Tower
12:24 Guard Tower
12:29 Arcane Tower
12:30 Guard Tower
12:30 Guard Tower
13:12 Guard Tower
13:14 Guard Tower
13:16 Scout Tower
13:16 Scout Tower
13:22 Scout Tower
13:25 Scout Tower
13:26 Scout Tower
13:27 Scout Tower
13:28 Scout Tower
13:54 Guard Tower
13:56 Guard Tower
14:44 Guard Tower
14:56 Guard Tower
15:33 Guard Tower
15:34 Scout Tower
15:35 Scout Tower
16:19 Guard Tower
16:47 Guard Tower
16:52 Guard Tower
16:53 Scout Tower
17:19 Scout Tower
17:21 Guard Tower
17:32 Scout Tower
17:32 Scout Tower
18:02 Gryphon Aviary
18:04 Barracks
18:06 Blacksmith
18:23 Guard Tower
20:27 Guard Tower
24:59 Farm
25:00 Farm
25:00 Farm
26:28 Farm
29:28 Scout Tower
29:30 Scout Tower
29:30 Scout Tower
30:30 Arcane Tower
30:30 Arcane Tower
30:35 Scout Tower
31:20 Arcane Tower
31:23 Scout Tower
31:28 Scout Tower
31:29 Scout Tower
31:35 Scout Tower
32:27 Lumber Mill
32:36 Scout Tower
32:37 Scout Tower
32:38 Scout Tower
33:07 Scout Tower
33:08 Scout Tower
33:13 Scout Tower
33:14 Scout Tower
33:15 Scout Tower
33:16 Scout Tower
33:18 Scout Tower
33:19 Scout Tower
33:20 Scout Tower
33:21 Scout Tower
33:26 Scout Tower
33:27 Scout Tower
33:28 Scout Tower
33:32 Scout Tower
33:34 Scout Tower
33:35 Scout Tower
33:54 Guard Tower
34:32 Scout Tower
34:33 Scout Tower
34:34 Guard Tower
35:01 Guard Tower
35:06 Guard Tower
35:14 Scout Tower
35:16 Scout Tower
35:23 Altar of Kings
35:26 Farm
35:27 Farm
35:28 Farm
35:31 Guard Tower
35:34 Scout Tower
35:40 Scout Tower
35:41 Guard Tower
36:21 Arcane Tower
36:36 Guard Tower
36:41 Scout Tower
36:43 Scout Tower
36:44 Scout Tower
36:47 Scout Tower
37:58 Guard Tower
38:49 Farm
39:01 Farm
40:17 Farm
41:06 Farm
41:41 Farm
42:44 Farm
44:17 Scout Tower
44:33 Scout Tower
45:10 Scout Tower
45:17 Arcane Tower
45:46 Arcane Tower
» items
| Orb of Lightning | 3 | |
| Healing Salve | 1 | |
| Boots of Speed | 3 | |
| Staff of Teleportation | 3 | |
| Staff of Sanctuary | 2 | |
| Lesser Clarity Potion | 1 | |
| Scroll of Town Portal | 2 | |
15 total
timg4strOK (
purple | 71 APM | 4532 actions | 63:41)
6 Blademaster
3 Wind Walk
2 Critical Strike
1 Bladestorm
» actions
| Assign group hotkey | 25 | |
| Basic commands | 57 | |
| Build / train | 84 | |
| ESC pressed | 4 | |
| Enter build submenu | 46 | |
| Enter hero's abilities submenu | 6 | |
| Give item / drop item | 1 | |
| Right click | 2766 | |
| Select / deselect | 348 | |
| Select group hotkey | 851 | |
| Use ability | 342 | |
4532 total
» units
| Peon | 13 | |
| Troll Batrider | 9 | |
| Raider | 1 | |
| Kodo Beast | 1 | |
| Wind Rider | 9 | |
| Shaman | 2 | |
| Troll Witch Doctor | 2 | |
| Spirit Walker | 2 | |
39 total
» upgrades
| Ranged Weapons | 3 | |
| Armor | 4 | |
| Ensnare | 1 | |
| Liquid Fire | 1 | |
| Reinforced Defenses | 1 | |
| Spiked Barricades | 1 | |
| Envenomed Spears | 1 | |
| War Drums Damage Increase | 1 | |
| Melee Weapons | 2 | |
| Shaman Training | 2 | |
| Witch Doctor Training | 2 | |
| Spirit Walker Training | 2 | |
21 total
» buildings
| Altar of Storms | 1 | |
| War Mill | 1 | |
| Orc Burrow | 9 | |
| Watch Tower | 26 | |
| Voodoo Lounge | 5 | |
| Stronghold | 3 | |
| Fortress | 1 | |
| Beastiary | 2 | |
| Spirit Lodge | 1 | |
49 total
» build order
00:04 Altar of Storms
00:09 War Mill
00:18 Orc Burrow
01:37 Watch Tower
01:46 Voodoo Lounge
02:21 Watch Tower
02:38 Watch Tower
03:13 Stronghold
03:13 Stronghold
03:39 Watch Tower
03:42 Watch Tower
04:29 Watch Tower
04:31 Watch Tower
05:36 Fortress
05:42 Voodoo Lounge
05:43 Voodoo Lounge
05:44 Voodoo Lounge
05:44 Voodoo Lounge
05:48 Watch Tower
06:21 Watch Tower
06:36 Beastiary
06:37 Beastiary
06:41 Orc Burrow
07:06 Watch Tower
07:29 Watch Tower
07:52 Orc Burrow
07:52 Orc Burrow
08:40 Watch Tower
08:42 Watch Tower
08:51 Watch Tower
10:16 Watch Tower
10:58 Watch Tower
11:22 Watch Tower
11:23 Watch Tower
12:57 Watch Tower
14:11 Watch Tower
14:14 Watch Tower
15:36 Watch Tower
15:37 Watch Tower
15:37 Watch Tower
15:42 Watch Tower
16:46 Watch Tower
18:31 Orc Burrow
18:31 Orc Burrow
18:32 Orc Burrow
18:33 Orc Burrow
18:40 Spirit Lodge
26:34 Orc Burrow
» items
| Staff of Teleportation | 1 | |
| Boots of Speed | 1 | |
| Lesser Clarity Potion | 5 | |
| Healing Salve | 1 | |
| Orb of Lightning | 3 | |
| Potion of Invisibility | 1 | |
| Scroll of Town Portal | 1 | |
13 total
team 2 (loser)

»
Chaos_Paladin (
green | 56 APM | 3537 actions | 63:41)
4 Death Knight
2 Death Coil
2 Unholy Aura
3 Dreadlord
2 Vampiric Aura
1 Sleep
3 Crypt Lord
1 Impale
2 Spiked Carapace
» actions
| Assign group hotkey | 438 | |
| Basic commands | 159 | |
| Build / train | 70 | |
| Enter build submenu | 21 | |
| Enter hero's abilities submenu | 10 | |
| Give item / drop item | 3 | |
| Right click | 1136 | |
| Select / deselect | 457 | |
| Select group hotkey | 1031 | |
| Use ability | 212 | |
3537 total
» units
| Acolyte | 4 | |
| Ghoul | 5 | |
| Crypt Fiend | 7 | |
| Obsidian Statue | 1 | |
| Frost Wyrm | 4 | |
21 total
» upgrades
| Web | 1 | |
| Burrow | 1 | |
| Creature Attack | 3 | |
| Creature Carapace | 2 | |
| Freezing Breath | 1 | |
8 total
» buildings
| Crypt | 2 | |
| Altar of Darkness | 1 | |
| Ziggurat | 8 | |
| Tomb of Relics | 1 | |
| Nerubian Tower | 1 | |
| Halls of the Dead | 2 | |
| Graveyard | 1 | |
| Spirit Tower | 2 | |
| Black Citadel | 1 | |
| Slaughterhouse | 1 | |
| Sacrificial Pit | 1 | |
| Boneyard | 3 | |
| Necropolis | 1 | |
25 total
» build order
00:11 Crypt
00:17 Altar of Darkness
00:36 Ziggurat
01:13 Tomb of Relics
01:19 Ziggurat
02:50 Nerubian Tower
03:32 Halls of the Dead
03:42 Halls of the Dead
03:46 Graveyard
04:19 Ziggurat
05:22 Crypt
08:00 Ziggurat
08:02 Spirit Tower
08:58 Black Citadel
09:18 Slaughterhouse
10:11 Ziggurat
11:41 Spirit Tower
12:38 Ziggurat
13:08 Ziggurat
15:48 Sacrificial Pit
16:52 Boneyard
16:52 Boneyard
16:53 Boneyard
17:40 Ziggurat
52:46 Necropolis
» items
| Rod of Necromancy | 2 | |
| Dust of Appearance | 2 | |
| Healing Salve | 2 | |
| Lesser Clarity Potion | 1 | |
| Scroll of Speed | 1 | |
| Scroll of Protection | 1 | |
| Scroll of Town Portal | 1 | |
| Potion of Healing | 5 | |
15 total
RaZbErRy_SoLjA (
red | 58 APM | 3073 actions | 53:01)
4 Death Knight
2 Death Coil
1 Unholy Aura
1 Death Pact
3 Pit Lord
2 Rain of Fire
1 Cleaving Attack
2 Goblin Tinker
1 Pocket Factory
1 Engineering Upgrade
» actions
| Assign group hotkey | 39 | |
| Basic commands | 12 | |
| Build / train | 82 | |
| Enter build submenu | 36 | |
| Enter hero's abilities submenu | 9 | |
| Give item / drop item | 2 | |
| Remove unit from queue | 5 | |
| Right click | 2035 | |
| Select / deselect | 404 | |
| Select group hotkey | 338 | |
| Use ability | 111 | |
3073 total
» units
| Acolyte | 14 | |
| Ghoul | 6 | |
| Crypt Fiend | 9 | |
| Frost Wyrm | 9 | |
| Gargoyle | 2 | |
40 total
» upgrades
| Creature Attack | 3 | |
| Web | 1 | |
| Burrow | 1 | |
| Creature Carapace | 2 | |
| Freezing Breath | 1 | |
8 total
» buildings
| Graveyard | 1 | |
| Crypt | 1 | |
| Ziggurat | 18 | |
| Altar of Darkness | 1 | |
| Tomb of Relics | 2 | |
| Nerubian Tower | 5 | |
| Spirit Tower | 6 | |
| Halls of the Dead | 1 | |
| Black Citadel | 1 | |
| Necropolis | 6 | |
| Sacrificial Pit | 1 | |
| Boneyard | 2 | |
45 total
» build order
00:15 Graveyard
00:19 Crypt
00:40 Ziggurat
01:02 Altar of Darkness
01:17 Tomb of Relics
01:37 Nerubian Tower
02:27 Ziggurat
03:50 Spirit Tower
04:19 Halls of the Dead
05:19 Ziggurat
05:25 Ziggurat
06:27 Spirit Tower
08:27 Black Citadel
09:36 Spirit Tower
09:44 Ziggurat
10:26 Necropolis
11:31 Ziggurat
11:41 Ziggurat
12:59 Nerubian Tower
13:01 Spirit Tower
13:23 Ziggurat
13:44 Ziggurat
14:07 Ziggurat
14:09 Ziggurat
14:12 Ziggurat
14:17 Ziggurat
14:34 Sacrificial Pit
14:42 Nerubian Tower
15:10 Spirit Tower
15:43 Nerubian Tower
15:53 Tomb of Relics
16:47 Ziggurat
16:49 Ziggurat
17:08 Boneyard
17:17 Boneyard
18:31 Spirit Tower
20:48 Ziggurat
31:14 Nerubian Tower
36:41 Necropolis
36:44 Necropolis
36:47 Necropolis
36:51 Necropolis
36:54 Necropolis
48:38 Ziggurat
48:41 Ziggurat
» items
| Rod of Necromancy | 1 | |
| Dust of Appearance | 3 | |
| Sacrificial Skull | 1 | |
| Potion of Healing | 1 | |
| Scroll of Town Portal | 1 | |
7 total
Ur_DeaD_ (
blue | 30 APM | 1763 actions | 58:17)
4 Tauren Chieftain
2 War Stomp
2 Endurance Aura
3 Shadow Hunter
2 Healing Wave
1 Hex
» actions
| Basic commands | 122 | |
| Build / train | 124 | |
| ESC pressed | 16 | |
| Enter build submenu | 24 | |
| Enter hero's abilities submenu | 7 | |
| Give item / drop item | 7 | |
| Remove unit from queue | 2 | |
| Right click | 569 | |
| Select / deselect | 737 | |
| Use ability | 155 | |
1763 total
» units
| Peon | 21 | |
| Grunt | 8 | |
| Razormane Medicine Man | 1 | |
| Demolisher | 6 | |
| Troll Witch Doctor | 8 | |
| Kodo Beast | 4 | |
| Tauren | 12 | |
| Shaman | 6 | |
| Troll Batrider | 3 | |
| Troll Headhunter/Berserker | 2 | |
| Wind Rider | 10 | |
81 total
» upgrades
| Armor | 3 | |
| Melee Weapons | 2 | |
| Spiked Barricades | 1 | |
| Witch Doctor Training | 2 | |
| Burning Oil | 1 | |
| War Drums Damage Increase | 1 | |
| Pulverize | 1 | |
| Shaman Training | 2 | |
| Ranged Weapons | 3 | |
| Envenomed Spears | 0 | |
16 total
» buildings
| Altar of Storms | 1 | |
| Orc Burrow | 9 | |
| Barracks | 1 | |
| War Mill | 1 | |
| Voodoo Lounge | 1 | |
| Watch Tower | 5 | |
| Great Hall | 2 | |
| Stronghold | 1 | |
| Spirit Lodge | 2 | |
| Fortress | 1 | |
| Beastiary | 3 | |
| Tauren Totem | 1 | |
28 total
» build order
00:15 Altar of Storms
00:22 Orc Burrow
00:36 Barracks
01:38 Orc Burrow
02:06 War Mill
02:19 Voodoo Lounge
04:16 Orc Burrow
04:31 Watch Tower
04:46 Great Hall
05:59 Stronghold
06:36 Orc Burrow
08:49 Spirit Lodge
09:14 Watch Tower
09:20 Watch Tower
09:21 Watch Tower
09:26 Watch Tower
10:27 Fortress
11:15 Beastiary
11:29 Orc Burrow
11:31 Orc Burrow
11:31 Orc Burrow
12:58 Tauren Totem
13:14 Orc Burrow
13:14 Orc Burrow
17:44 Spirit Lodge
30:21 Great Hall
39:28 Beastiary
39:30 Beastiary
» items
| Scroll of Speed | 3 | |
| Healing Salve | 2 | |
| Scroll of Protection | 3 | |
| Potion of Lesser Invulnerability | 1 | |
| Dust of Appearance | 1 | |
| Scroll of Healing | 1 | |
| Potion of Healing | 1 | |
| Orb of Lightning | 1 | |
| Periapt of Vitality | 1 | |
14 total
Chat log
(00:11 / Allies) timg4strOK: 100G
(00:35 / All) RaZbErRy_SoLjA: i got the fries that will cross yo eyes
(00:40 / All) iggy_the_fisk: what?
(00:41 / All) iggy_the_fisk: oh cool :)
(03:32 / All) timg4strOK: hold up
(03:32 / All) iggy_the_fisk: please stop following me
(03:32 / All) timg4strOK: pls
(03:41 / All) RaZbErRy_SoLjA: ?
(11:51 / All) Ur_DeaD_: HI
(12:18 / All) BEAR_AND: lmao
(14:08 / All) BEAR_AND: juke those arrows
(14:08 / All) BEAR_AND: not
(15:02 / All) BEAR_AND: LOL
(15:02 / All) BEAR_AND: don't run into towers
(15:03 / All) BEAR_AND: please
(15:04 / All) BEAR_AND: careful
(15:10 / All) Ur_DeaD_: ur a real loser
(15:12 / All) BEAR_AND: lol
(15:14 / All) BEAR_AND: i don't run into towers
(15:16 / All) Ur_DeaD_: im actually laughing at how much of a nerd u r
(15:17 / All) Ur_DeaD_: lol
(15:38 / All) BEAR_AND: great stomping
(15:42 / All) BEAR_AND: very nice try
(15:44 / All) Ur_DeaD_: shh fat nerd
(15:45 / All) Ur_DeaD_: lol
(15:46 / All) BEAR_AND: lol
(17:12 / All) Ur_DeaD_: hackers
(17:15 / All) BEAR_AND: lol?
(17:20 / All) BEAR_AND: what is your evidence
(19:16 / All) BEAR_AND: gg
(19:18 / All) iggy_the_fisk: .. bad idea
(19:52 / All) BEAR_AND: great stomp
(19:59 / All) BEAR_AND: you're really getting a lot of practice
(20:11 / All) BEAR_AND: lmao green
(20:31 / All) Chaos_Paladin: ahaha yeah funny shit
(20:38 / All) Chaos_Paladin: nice towers
(20:39 / All) Chaos_Paladin: btw
(20:40 / All) Chaos_Paladin: faggot
(20:41 / All) iggy_the_fisk: thx
(20:44 / All) BEAR_AND: another good try blue
(20:46 / All) BEAR_AND: keep at it!
(22:54 / All) timg4strOK: fuck u!!!!
(22:58 / All) Ur_DeaD_: lol
(23:02 / All) timg4strOK: u trashers!!!! eat shit!!!! faggot win w/ gay tac-tick
(23:22 / All) BEAR_AND: worth it????
(23:36 / All) Ur_DeaD_: gotta love fat nerds
(23:41 / All) timg4strOK: uck u!!
(23:46 / All) BEAR_AND: not sure where the fat comes from
(23:48 / All) Ur_DeaD_: shh fatty mc nerdo
(23:49 / All) iggy_the_fisk: u into bbws??
(23:49 / All) BEAR_AND: facebook.com/tylerkerr
(23:51 / All) BEAR_AND: add me????
(23:53 / All) timg4strOK: u think u so good!!! cause u can win a game!!!
(23:56 / All) timg4strOK: old game lame game!!
(25:19 / All) BEAR_AND: blue
(25:20 / All) BEAR_AND: your hero
(26:14 / All) Ur_DeaD_: ok noobs
(26:39 / All) Ur_DeaD_: W
(27:13 / All) Ur_DeaD_: fat nerds
(27:52 / All) BEAR_AND: lol
(27:53 / All) BEAR_AND: lol
(27:54 / All) BEAR_AND: Lol
(28:16 / All) BEAR_AND: lol!@
(31:28 / All) Ur_DeaD_: fat nerds fat nerds
(31:30 / All) BEAR_AND: lol
(31:32 / All) Ur_DeaD_: what cha gonna do
(31:36 / All) BEAR_AND: win game
(31:40 / All) Ur_DeaD_: whatcha gonna do when ur SHit Gets OPushed In
(31:44 / All) BEAR_AND: blue
(31:46 / All) BEAR_AND: you just lost tauren
(31:48 / All) BEAR_AND: to towers
(31:52 / All) Ur_DeaD_: i can?
(31:53 / All) Ur_DeaD_: nope
(31:53 / All) Ur_DeaD_: Gg
(31:56 / All) BEAR_AND: you did
(32:46 / All) Ur_DeaD_: run homo
(32:53 / All) iggy_the_fisk: fu
(32:54 / All) iggy_the_fisk: only luck
(32:59 / All) Ur_DeaD_: owned?
(33:00 / All) iggy_the_fisk: I had lag all game
(33:00 / All) Ur_DeaD_: thanks
(33:03 / All) Ur_DeaD_: loser strat
(33:05 / All) Ur_DeaD_: for loser kids
(33:14 / All) Ur_DeaD_: hey yellow
(33:16 / All) BEAR_AND: hi
(33:18 / All) Ur_DeaD_: u got ur shit pushed in
(33:21 / All) BEAR_AND: nope
(33:22 / All) Ur_DeaD_: how about them apples
(33:22 / All) Ur_DeaD_: lol
(33:27 / All) timg4strOK: fuck u ass wholes
(33:32 / All) BEAR_AND: you will lose
(33:32 / All) Ur_DeaD_: LOL|
(33:37 / All) Ur_DeaD_: u mad bro
(33:37 / All) timg4strOK: think u're good.. trashe
(33:38 / All) Ur_DeaD_: yo bro
(33:39 / All) BEAR_AND: lol
(33:39 / All) Ur_DeaD_: u mad
(33:40 / All) Ur_DeaD_: ?
(33:43 / All) timg4strOK: fuck u fuck u fuck U!!
(33:43 / All) Ur_DeaD_: hes mad
(33:45 / All) BEAR_AND: lol
(33:46 / All) Ur_DeaD_: hahah
(33:46 / All) timg4strOK: stfu
(33:48 / All) timg4strOK: u dont know shit
(33:52 / All) timg4strOK: abpout wat im going thru irl
(33:53 / All) Ur_DeaD_: Gg yellow
(33:54 / All) timg4strOK: and on top of it
(33:56 / All) BEAR_AND: gg
(33:56 / All) timg4strOK: u do this bullsh1t
(33:57 / All) Ur_DeaD_: Awww
(33:58 / All) timg4strOK: fuck u trashie
(33:58 / All) Ur_DeaD_: u mad
(33:59 / All) BEAR_AND: do you want us to leave
(34:03 / All) Ur_DeaD_: we and yellow just fucking around
(34:05 / All) Ur_DeaD_: we both know that
(34:07 / All) Ur_DeaD_: but u cry
(34:07 / All) Ur_DeaD_: lol
(34:10 / All) BEAR_AND: blue
(34:12 / All) BEAR_AND: do you want us to quit
(34:13 / All) timg4strOK: fuck u
(34:14 / All) timg4strOK: scum bag
(34:21 / All) Ur_DeaD_: if u would be so kind
(34:24 / All) Ur_DeaD_: that would be cool
(34:26 / All) BEAR_AND: we can quit
(34:28 / All) BEAR_AND: for $3
(34:31 / All) BEAR_AND: paypal me
(34:33 / All) timg4strOK: gimmme 3 dollars u shit head and i quit
(34:47 / All) Ur_DeaD_: lol
(34:51 / All) Ur_DeaD_: purple
(34:54 / All) Ur_DeaD_: ill eat u then u leave
(34:55 / All) Ur_DeaD_: thanks
(35:08 / All) timg4strOK: fuck u trasher kid
(35:20 / All) timg4strOK: think u sooooooooooooooo good
(35:24 / All) Ur_DeaD_: no
(35:27 / All) Ur_DeaD_: u talked shit all game
(35:30 / All) timg4strOK: wtf
(35:31 / All) Ur_DeaD_: so now u got what u deseve
(35:33 / All) timg4strOK: ass whole
(35:34 / All) Ur_DeaD_: haha
(35:35 / All) Ur_DeaD_: Owned
(35:39 / All) timg4strOK: u eat shit for breakfast AND lunch
(35:42 / All) Ur_DeaD_: Owned
(35:45 / All) Ur_DeaD_: and hes mad
(35:46 / All) iggy_the_fisk: well you only win cause of luck so???
(35:51 / All) Ur_DeaD_: nah
(35:53 / All) Ur_DeaD_: skill
(35:54 / All) Ur_DeaD_: thanks
(36:17 / All) Ur_DeaD_: Gg
(36:20 / All) BEAR_AND: gg
(36:21 / All) BEAR_AND: we win
(36:26 / All) Ur_DeaD_: sure
(36:35 / All) BEAR_AND: believe me
(36:46 / All) Chaos_Paladin: lol we lose ^^
(36:47 / All) Chaos_Paladin: gg
(36:51 / All) BEAR_AND: gg
(36:53 / All) Ur_DeaD_: we know already
(36:54 / All) Ur_DeaD_: lol
(36:56 / All) timg4strOK: fucka u
(37:00 / All) BEAR_AND: welcome to highperch
(37:06 / All) timg4strOK: owned retardos
(37:09 / All) timg4strOK: hows it feel
(37:12 / All) timg4strOK: did i trick you.............
(37:17 / All) Ur_DeaD_: no
(37:18 / All) Ur_DeaD_: we knew
(37:18 / All) Ur_DeaD_: lol
(37:21 / All) Chaos_Paladin: we know
(37:23 / All) Chaos_Paladin: alrdy
(37:23 / All) BEAR_AND: ok
(37:24 / All) Chaos_Paladin: rofl
(37:25 / All) timg4strOK: quit then shitlords
(37:26 / All) timg4strOK: cya
(37:27 / All) BEAR_AND: gg
(37:28 / All) timg4strOK: ciao
(37:29 / All) Chaos_Paladin: why
(37:30 / All) Chaos_Paladin: kill us
(37:37 / All) BEAR_AND: that's not what highperch is about
(37:39 / All) timg4strOK: how about
(37:39 / All) iggy_the_fisk: I thought you just said
(37:40 / All) BEAR_AND: http://highper.ch/
(37:41 / All) iggy_the_fisk: that you "knew"
(37:50 / All) Chaos_Paladin: afk
(37:54 / All) BEAR_AND: bye
(38:21 / All) Ur_DeaD_: OMFG
(38:36 / All) BEAR_AND: clan towa #1
(38:41 / All) Chaos_Paladin: ur shit
(38:42 / All) BEAR_AND: join the list of our vanquished foes
(38:46 / All) BEAR_AND: go to my website
(38:49 / All) BEAR_AND: http://highper.ch/
(38:53 / All) BEAR_AND: literally hundreds of teams we've beaten
(38:59 / All) Chaos_Paladin: nty
(39:03 / All) Chaos_Paladin: i dont give a fuck
(39:06 / All) BEAR_AND: i can see that
(39:07 / All) Chaos_Paladin: about ur website
(39:09 / All) Chaos_Paladin: lol
(39:12 / All) iggy_the_fisk: things they've said:
(39:12 / All) timg4strOK: hey click this link www.eatshitandDIE.com!!!
(39:15 / All) iggy_the_fisk: "we're not gonna quit"
(39:19 / All) iggy_the_fisk: "going afk then bye"
(39:38 / All) iggy_the_fisk: and all the other things you're going to say
(39:51 / All) iggy_the_fisk: end result is they lose and are angry about it :) thx for the game!!! www.highper.ch
(39:57 / All) iggy_the_fisk: take the time 2 check it ouT
(40:21 / All) BEAR_AND: if you want to talk about this game my phone is always on
(40:24 / All) BEAR_AND: 647-869-9830
(40:27 / All) Ur_DeaD_: cool
(40:34 / All) BEAR_AND: if you want to chat about it on facebook afterward facebook.com/tylerkerr
(40:37 / All) BEAR_AND: Thanks!
(40:38 / All) Chaos_Paladin: nah ima minimize wc3 and play cod
(40:43 / All) BEAR_AND: -Tyler "BEAR_AND" Kerr
(40:50 / All) Ur_DeaD_: u lost
(40:50 / All) Ur_DeaD_: lol
(40:55 / All) timg4strOK: fuck U
(40:59 / All) timg4strOK: find my last tree...u shit
(41:01 / All) BEAR_AND: i have literally never lost on this map
(41:05 / All) BEAR_AND: not even once
(41:13 / All) BEAR_AND: do you think you're different
(41:20 / All) Ur_DeaD_: lol
(42:15 / All) timg4strOK: when does ud unsummon
(42:22 / All) timg4strOK: gotta get that gold
(43:51 / All) BEAR_AND: do you know about the kubler-ross model of grief
(44:53 / All) BEAR_AND: lol
(44:54 / All) BEAR_AND: good fight
(45:42 / All) timg4strOK: hope both ud didnt unsummon
(45:48 / All) Ur_DeaD_: just 1
(45:53 / All) timg4strOK: wyrms the only choice yall have
(46:51 / All) timg4strOK: nice army pause not
(46:52 / All) BEAR_AND: great army guys
(47:05 / All) iggy_the_fisk: you guys stupid or something??
(47:13 / All) BEAR_AND: good try
(47:26 / All) timg4strOK: im gonna go play warcraft 4
(47:33 / All) BEAR_AND: lol
(47:33 / All) timg4strOK: cya
(48:57 / All) BEAR_AND: good play
(48:58 / All) BEAR_AND: guys
(49:00 / All) BEAR_AND: really nice
(49:03 / All) Ur_DeaD_: afk
(49:06 / All) BEAR_AND: lol!
(49:10 / All) BEAR_AND: "u mad?"
(49:12 / All) iggy_the_fisk: u quoting urself
(49:14 / All) timg4strOK: maybe its reds turn to unsummon
(49:16 / All) iggy_the_fisk: from 10 minutes ago??
(49:17 / All) BEAR_AND: Ur_DeaD_, 2012
(49:17 / All) Ur_DeaD_: klok
(49:19 / All) timg4strOK: nope wait he making a zig
(50:36 / All) BEAR_AND: man
(50:37 / All) BEAR_AND: you guys
(52:23 / All) BEAR_AND: lol
(53:04 / All) BEAR_AND: lmao
(53:05 / All) BEAR_AND: gg
(53:06 / All) BEAR_AND: like i said
(53:09 / All) BEAR_AND: i never lose
(53:36 / All) Ur_DeaD_: well ill see u guys around
(53:38 / All) Ur_DeaD_: im not gonna leave
(53:39 / All) Ur_DeaD_: ^^
(53:40 / All) BEAR_AND: come to toronto
(53:43 / All) BEAR_AND: i'll cook you dinner
(53:46 / All) iggy_the_fisk: never heard that 1
(53:47 / All) Ur_DeaD_: Canada
(53:48 / All) BEAR_AND: yep
(53:52 / All) Ur_DeaD_: usa;s little sister
(53:56 / All) BEAR_AND: yep
(56:46 / All) iggy_the_fisk: this is how they usually go afk
(56:55 / All) iggy_the_fisk: too upset to just cut those losses
(57:00 / All) BEAR_AND: this part is what we call Acceptance
(57:03 / All) BEAR_AND: aka The Last Stadn
(57:04 / All) Chaos_Paladin: im having fun : P
(57:05 / All) BEAR_AND: stand
(57:09 / All) BEAR_AND: interesting
(57:11 / All) iggy_the_fisk: I'm sorry
(57:13 / All) BEAR_AND: an u ndead that has fun losing
(57:23 / All) Chaos_Paladin: i was eating a pie before
(57:25 / All) Chaos_Paladin: lol
(57:27 / All) BEAR_AND: of course
(57:29 / All) BEAR_AND: the food excuse
(57:33 / All) BEAR_AND: occurs in about 10% of games
(57:37 / All) Chaos_Paladin: no i actually was
(57:48 / All) Chaos_Paladin: not an excuse
(57:50 / All) BEAR_AND: a great impale
(57:51 / All) Chaos_Paladin: a pie
(58:01 / All) Chaos_Paladin: not me
(58:02 / All) Chaos_Paladin: ahah
(58:04 / All) Chaos_Paladin: im typin
(58:12 / All) BEAR_AND: blue!
(58:14 / All) BEAR_AND: welcome back
(58:19 / All) BEAR_AND: s
(58:20 / All) timg4strOK: cya
(58:32 / All) BEAR_AND: hahahahaha
(61:09 / All) Chaos_Paladin: lol
(61:11 / All) BEAR_AND: lol
(61:18 / All) Chaos_Paladin: ; )
(61:21 / All) timg4strOK: dang
(61:24 / All) timg4strOK: u get my blade....gg
(61:26 / All) timg4strOK: i quit now...cya
(61:37 / All) Chaos_Paladin: lol
(62:08 / All) iggy_the_fisk: not a very wise investment on your part
(63:10 / All) timg4strOK: u know this strat
(63:23 / All) BEAR_AND: http://highper.ch/
(63:25 / All) BEAR_AND: clan towa #1
(63:27 / All) BEAR_AND: another win
(63:35 / All) BEAR_AND: bye shitheads
(63:39 / All) timg4strOK: its called